 Dungeon Crawl Stone Soup version 0.18.1-8-gdd0e5ea (webtiles) character file.

26 Raiden350 the Magician (level 2, -1/15 HPs)
             Began as a Deep Elf Ice Elementalist on May 26, 2016.
             Killed by nerve-wracking pain
             ... invoked by Jessica
              (8 damage)
             ... on level 2 of the Dungeon.
             The game lasted 00:05:13 (1313 turns).

Raiden350 the Magician (Deep Elf Ice Elementalist)  Turns: 1313, Time: 00:05:13

Health: -1/15      AC:  2    Str:  5    XL:     2   Next: 89%
Magic:  8/9        EV: 12    Int: 19    God:
Gold:   55         SH:  0    Dex: 15    Spells: 1 memorised, 9 levels left

rFire  . . .     SeeInvis .     m - +0 dagger (drain)
rCold  . . .     Gourm    .     a - +0 robe
rNeg   . . .     Faith    .     (no shield)
rPois  .         Spirit   .     (no helmet)
rElec  .         Dismiss  .     (no cloak)
rCorr  .         Reflect  .     (no gloves)
SustAt .         Harm     .     (no boots)
MR     .....                    (no amulet)
Stlth  ++........               (no ring)
                                (no ring)

@: drained, not resistant to hostile enchantments, unstealthy
A: no striking features
a: no special abilities


You were on level 2 of the Dungeon.
You were not hungry.

You visited 1 branch of the dungeon, and saw 2 of its levels.

You collected 55 gold pieces.

Inventory:

Hand Weapons
 m - a +0 dagger of draining (weapon)
Missiles
 g - 8 javelins (quivered)
Armour
 a - a +0 robe (worn)
Scrolls
 d - a scroll of teleportation {unknown}
 e - a scroll of remove curse {unknown}
 i - 4 scrolls of enchant armour {unknown}
 k - a scroll of identify {unknown}
 n - a scroll of magic mapping {unknown}
Potions
 f - a potion of heal wounds {unknown}
 h - a potion of ambrosia {unknown}
Books
 b - a book of Frost

   Spells                             Type                      Level
   a - Freeze                         Ice                          1
   b - Throw Frost                    Conjuration/Ice              2
   c - Ozocubu's Armour               Charms/Ice                   3
   d - Throw Icicle                   Conjuration/Ice              4
   e - Summon Ice Beast               Ice/Summoning                4
 o - a book of Dreams

   Spells                             Type                      Level
   a - Ensorcelled Hibernation        Hexes/Ice                    2
   b - Silence                        Hexes/Air                    5
   c - Darkness                       Hexes                        6
   d - Shadow Creatures               Summoning                    6
Comestibles
 c - 2 bread rations
 j - 5 fruits
 l - 2 chunks of flesh


   Skills:
 - Level 2.4(2.2) Dodging
 - Level 2.4(2.2) Stealth
 + Level 4.8(4.6) Spellcasting
   Level 1.1(0.9) Conjurations
 - Level 3.2(3.1) Ice Magic


You had 9 spell levels left.
You knew the following spells:

 Your Spells              Type           Power        Failure   Level  Hunger
a - Freeze                Ice            ###.         4%          1    None


Dungeon Overview and Level Annotations

Branches:
Dungeon (2/15)

Altars:

Annotations:
D:2 Jessica


Message History

You hit Jessica. You drain Jessica!
Jessica is heavily wounded.
Jessica hits you.
The hobgoblin hits you but does no damage.
Jessica casts a spell.
Jessica blinks!
You see here 13 stones.
Casting: Freeze
Confirm with . or Enter, or press ? or * to list all spells.
Aiming: Freeze
Press: ? - help, Shift-Dir - straight line, f - hobgoblin, p - Jessica
Aim: a hobgoblin, wielding a club (moderately wounded, heavily drained)
You freeze the hobgoblin.
You kill the hobgoblin!
Jessica gestures wildly while chanting.
Jessica seems to speed up.
Jessica casts a spell at you. Pain shoots through your body!
Ouch! That really hurt!
You die...

#............
##.......##
#.........#
#.........#
#.........#####.
#.......<.......
####.........######
#............##
#.....@..@.....
#####)(......##
#..........
#........##
#.?......#
#........#
#........#
#..........
#.(......#.


You could see Jessica.

Vanquished Creatures
  2 bats (D:1)
  4 goblins (D:1)
  5 hobgoblins
  5 jackals (D:1)
  4 giant newts
  2 kobolds (D:1)
  A rat (D:1)
23 creatures vanquished.

Notes
Turn   | Place    | Note
--------------------------------------------------------------
     0 | D:1      | Raiden350 the Deep Elf Ice Elementalist began the quest for the Orb.
     0 | D:1      | Reached XP level 1. HP: 10/10 MP: 6/6
   468 | D:1      | Reached skill level 4 in Spellcasting
   468 | D:1      | Reached XP level 2. HP: 15/15 MP: 7/9
  1300 | D:2      | Noticed Jessica
  1313 | D:2      | Killed from afar by Jessica

Skill      XL: |  1 |
---------------+----+-----
Spellcasting   | 4 |  4.8
Dodging        | |  2.4
Stealth        | |  2.4
Conjurations   | |  1.1
Ice Magic      | |  3.2

Action                   || total
-------------------------++-------
Melee: Unarmed           ||     7
       Dagger            ||     8
 Cast: Freeze            ||    29
 Stab: Sleeping          ||     2
  Eat: Chunk             ||     1
Armor: Robe              ||     3
Dodge: Dodged            ||    24
